 Dungeon Crawl Stone Soup version 0.29-a0-517-gbdf32494f2 (webtiles) character file.

Game seed: 8571452234858824623

455 hquester the Shield-Bearer (level 6, -2/62 HPs)
             Began as a Troll Fighter on May 30, 2022.
             Slain by a black bear (5 damage)
             ... on level 4 of the Dungeon.
             The game lasted 00:06:35 (2867 turns).

hquester the Shield-Bearer (Troll Fighter)          Turns: 2867, Time: 00:06:36

Health: -2/62      AC:  4    Str: 25    XL:     6   Next: 76%
Magic:  5/5        EV:  9    Int:  4    God:
Gold:   245        SH:  8    Dex: 11    Spells: 5/5 levels left

rFire   . . .      SeeInvis .     - Unarmed
rCold   . . .      Faith    .   b - +0 kite shield
rNeg    . . .      Spirit   .   a - +0 robe
rPois   .          Reflect  .   (helmet restricted)
rElec   .          Harm     .   (no cloak)
rCorr   .          Rampage  .   (gloves unavailable)
Will    .....                   (boots unavailable)
Stlth   +.........              (no amulet)
HPRegen 1.00/turn               (no ring)
MPRegen 0.09/turn               (no ring)

@: mighty
A: large, unfitting armour, claws 3, regeneration 1, shaggy fur 1, tough skin 1
a: no special abilities


You were on level 4 of the Dungeon.
You visited 1 branch of the dungeon, and saw 5 of its levels.

You collected 245 gold pieces.

Inventory:

Armour
 a - a +0 robe (worn)
 b - a +0 kite shield (worn)
Jewellery
 w - a +4 ring of slaying
Scrolls
 d - 2 scrolls of fear {unknown}
 h - 2 scrolls of silence {unknown}
 j - a scroll of poison {unknown}
 k - a scroll of magic mapping {unknown}
 m - a scroll of acquirement {unknown}
 n - a scroll of teleportation {unknown}
 p - a scroll of noise {unknown}
 r - 2 scrolls of identify {unknown}
 t - 2 scrolls of immolation {unknown}
 x - a scroll of amnesia {unknown}
 y - a scroll of summoning {unknown}
Potions
 e - 2 potions of attraction {unknown}
 f - a potion of mutation {unknown}
 g - a potion of haste {unknown}
 i - a potion of degeneration {unknown}
 l - a potion of flight {unknown}
 o - 2 potions of curing {unknown}
 q - a potion of berserk rage {unknown}
 s - a potion of invisibility {unknown}
 u - a potion of heal wounds {unknown}
 v - a potion of brilliance {unknown}


   Skills:
 + Level 3.7 Fighting
 + Level 3.7 Dodging
 + Level 4.2 Shields
 + Level 4.0 Unarmed Combat


You had 5 spell levels left.
You didn't know any spells.
Your spell library contained the following spells:

 Spells                   Type           Power      Damage    Failure   Level
 Frozen Ramparts          Ice            0%         1d2       98%         3
 Ice Form                 Ice/Tmut       0%         N/A       100%        4
 Summon Ice Beast         Ice/Summ       0%         N/A       100%        4


Dungeon Overview and Level Annotations

Branches:
Dungeon (5/15)
 Temple: D:4-7

Altars:
Gozag

Annotations:
D:5 Sigmund


Innate Abilities, Weirdness & Mutations

You are too large for most types of armour.
You have claws for hands.
Your natural rate of healing is unusually fast.
You are covered in fur. (AC +1)
You have tough skin. (AC +1)


Message History

You barely miss the orc. The orc hits you with a +0 club.
* * * LOW HITPOINT WARNING * * *
You closely miss the orc. You block the orc's attack.
You claw the orc!
You kill the orc!
You claw the black bear!
The black bear is heavily wounded.
You block the black bear's attack. The black bear claws you.
* * * LOW HITPOINT WARNING * * *
The black bear claws you but does no damage.
You barely miss the black bear.
The black bear is heavily wounded.
The black bear bites you.
* * * LOW HITPOINT WARNING * * *
The black bear claws you.
* * * LOW HITPOINT WARNING * * *
The black bear claws you but does no damage.
The black bear barely misses you. The black bear claws you.
* * * LOW HITPOINT WARNING * * *
The black bear claws you but does no damage.
You claw the black bear!
The black bear is severely wounded.
The black bear barely misses you.
The black bear claws you but does no damage.
The black bear claws you.
* * * LOW HITPOINT WARNING * * *
You barely miss the black bear.
The black bear is severely wounded.
The black bear goes berserk!
You closely miss the black bear.
The black bear is severely wounded.
You block the black bear's attack. The black bear claws you.
* * * LOW HITPOINT WARNING * * *
The black bear claws you but does no damage.
You barely miss the black bear.
The black bear is severely wounded.
The black bear closely misses you.
The black bear claws you but does no damage.
The black bear claws you.
You die...

#.# ##..####.####.## #.#
#...####.# #.# # #.# #.....##.#
#.# # #.# #...#.##.# ##'## # ##.#
###.#.##.###...# # ...#
#......##....# ## #..#
#####.#.####.....# ##.
.#######.......###......#######..
................@h.....[#.##.....
.######.......#.##.....>...####..
.# #.........###....)#.## #.. .#
##...###### ##....### #.# .#
##.## ##...# #.# .# #.# ##'## #.#
.# #.# #.# #.# .# #.# #####.# #.#
## #.# ####...#.########.#


You could see a black bear (berserk).

Vanquished Creatures
  An ogre (D:4)
  A phantom (D:4)
  A scorpion (D:4)
  Jessica (D:3)
  An iguana (D:4)
  2 orc wizards
  5 adders
  5 dart slugs
  12 orcs
  5 ball pythons
  7 endoplasms
  2 giant cockroaches
  6 goblins (D:1)
  4 hobgoblins
  8 jackals
  5 quokkas
  7 bats
  2 frilled lizards (D:1)
  5 kobolds
  A rat (D:3)
81 creatures vanquished.

Notes
Turn   | Place    | Note
-------+----------+-------------------------------------------
     0 | D:1      | hquester the Troll Fighter began the quest for the Orb.
     0 | D:1      | Reached XP level 1. HP: 22/22 MP: 0/0
   105 | D:1      | Found a faded altar of an unknown god.
   114 | D:1      | Reached XP level 2. HP: 23/29 MP: 1/1
   436 | D:1      | Reached XP level 3. HP: 36/36 MP: 2/2
  1059 | D:2      | You fall into a shaft and drop 1 floor!
  1075 | D:3      | Reached XP level 4. HP: 44/44 MP: 3/3
  1466 | D:3      | Noticed Jessica
  1471 | D:3      | Killed Jessica
  1472 | D:3      | Reached XP level 5. HP: 51/53 MP: 4/4
  1531 | D:3      | Found an opulent altar of Gozag.
  1726 | D:4      | Noticed an ogre
  1733 | D:4      | Killed an ogre
  1994 | D:4      | Identified the +5 quarterstaff of Ruination {freeze, Will+}
  1996 | D:4      | Reached XP level 6. HP: 61/61 MP: 5/5
  2830 | D:5      | Entered Level 5 of the Dungeon
  2842 | D:5      | Noticed Sigmund
  2864 | D:4      | HP: 3/62 [black bear (2)]
  2867 | D:4      | Slain by a black bear

Illustrated notes

Levels and vault maps discovered:
D:1:      scummos_arrival_forest, layout_basic, ebering_ecumenical_altar_mist,
          wad_floor_pattern_untrapped
D:2:      layout_rooms, uniq_natasha, uniq_crazy_yiuf_cottage
D:3:      layout_loops_ring, nicolae_gozag_seed_capital, uniq_jessica
D:4:      layout_loops_corners, eino_curves_03, nrook_loot_triangle
D:5:      layout_cave_pools, uniq_sigmund

Skill      XL: |  1  2  3  4  5  6 |
---------------+-------------------+-----
Shields        | 3 4 |  4.2
Fighting       | 3 |  3.7
Dodging        | 3 |  3.7
Unarmed Combat | 3 4 |  4.0

Action                   |  1- 3 |  4- 6 || total
-------------------------+-------+-------++-------
Melee: Unarmed           |    99 |   157 ||   256
  Use: Potion            |       |     1 ||     1
 Stab: Sleeping          |       |     2 ||     2
Armor: Robe              |    43 |    35 ||    78
Dodge: Dodged            |    28 |    51 ||    79
Block: Kite shield       |    34 |    67 ||   101

Table legend: (Time is in decaauts)
 A = Elapsed time spent in this place.
 B = Non-inter-level travel time spent in this place.
 C = Inter-level travel time spent in this place.
 D = Time resting spent in this place.
 E = Time spent auto-exploring this place.
 F = Levels seen in this place.
 G = Mean time per level.
                   A        B        C        D        E       F      G
               +--------+--------+--------+--------+--------+-----+--------+
         Total |   2887 |   2761 |    126 |      0 |   1954 |   5 |  577.4 |
       Dungeon |   2887 |   2761 |    126 |      0 |   1954 |   5 |  577.4 |
               +--------+--------+--------+--------+--------+-----+--------+

Top non-repeatable levels by time:
     D:4: 1174 daAuts
     D:1: 870 daAuts
     D:3: 637 daAuts
     D:2: 196 daAuts
     D:5: 7 daAuts
